 Dungeon Crawl Stone Soup version 0.28.0-53-g5a82cb258f (webtiles) character file.

Game seed: 6558225715511428081

438 avis the Caller (level 6, -1/27 HPs)
             Began as a Felid Summoner on Aug 8, 2022.
             Slain by an orc warrior
             ... wielding a +0 hand axe
              (16 damage)
             ... on level 5 of the Dungeon.
             The game lasted 01:00:52 (6923 turns).

avis the Caller (Felid Summoner)                    Turns: 6923, Time: 01:00:53

Health: -1/27      AC:  2    Str:  4    XL:     6   Next: 69%
Magic:  5/13       EV: 19    Int: 18    God:
Gold:   188        SH:  0    Dex: 17    Spells: 1/14 levels left
                                        Lives:  0   Deaths: 2

rFire   + . .      SeeInvis +   (weapon unavailable)
rCold   . . .      Faith    .   (shield unavailable)
rNeg    . . .      Spirit   .   (armour unavailable)
rPois   .          Reflect  .   (helmet unavailable)
rElec   .          Harm     .   (cloak unavailable)
rCorr   +          Rampage  .   (gloves unavailable)
Will    .....                   (boots unavailable)
Stlth   ++........              (no amulet)
HPRegen 0.09/turn               j - ring of protection from fire
MPRegen 0.13/turn               p - ring of resist corrosion

@: quick
A: very small, claws 1, fangs 3, see invisible, speed 1, shaggy fur 2, stealthy
paws, no weapons or thrown items, no armour, multi-lived
a: no special abilities


You were on level 5 of the Dungeon.
You visited 1 branch of the dungeon, and saw 6 of its levels.

You collected 188 gold pieces.

Inventory:

Jewellery
 c - an amulet of faith
 j - a ring of protection from fire (left paw)
 p - a ring of resist corrosion (right paw)
Wands
 b - a wand of charming (12)
Scrolls
 a - 2 scrolls of fear {unknown}
 d - a scroll of magic mapping {unknown}
 e - a scroll of brand weapon
 h - a scroll of amnesia {unknown}
 i - a scroll of summoning {unknown}
 l - a scroll of vulnerability {unknown}
 r - a scroll of fog {unknown}
Potions
 f - a potion of brilliance
 g - 3 potions of mutation {unknown}
 k - a potion of degeneration {unknown}
 m - 2 potions of might
 n - a potion of magic {unknown}
 o - a potion of attraction {unknown}
 q - a potion of curing {unknown}


   Skills:
 + Level 2.6 Fighting
 + Level 4.9 Dodging
 - Level 3.0 Stealth
 + Level 4.5 Spellcasting
 - Level 5.0 Hexes
 + Level 5.9 Summonings
 * Level 2.6 Air Magic


You had one spell level left.
You knew the following spells:

 Your Spells              Type           Power      Damage    Failure   Level
a - Summon Small Mammal   Summ           100%       N/A       1%          1
b - Call Imp              Summ           25%        N/A       1%          2
c - Call Canine Familiar  Summ           25%        N/A       3%          3
d - Summon Guardian Gole  Hex/Summ       23%        N/A       4%          3
e - Summon Lightning Spi  Summ/Air       19%        N/A       24%         4

Your spell library contained the following spells:

 Spells                   Type           Power      Damage    Failure   Level


Dungeon Overview and Level Annotations

Branches:
Dungeon (6/15)
 Temple: D:4-7

Altars:
Dithmenos


Innate Abilities, Weirdness & Mutations

You have sharp claws.
You have razor-sharp teeth.
You have supernaturally acute eyesight. (SInv)
You cover ground quickly. (Speed+)
You are covered in thick fur. (AC +2)
Your paws help you pounce on unaware monsters.
You are incapable of wielding weapons or throwing items.
You cannot wear armour.
You gain extra lives every three experience levels.


Message History

You don't know that spell.
Unknown command.
Casting: Summon Guardian Golem (dangerous; 4% risk of failure)
Confirm with . or Enter, or press ? or * to list all spells.
You swap places.
Unknown command.
Unknown command.
The orc priest mumbles some strange prayers to Beogh against you.
Beogh smites you!
The orc priest casts a cantrip, but nothing happens.
What are your orders? t - Meow!
Orders for allies: a - Attack new target. p - Attack previous target. r - Retreat! s - Stop attacking. g - Guard the area. f - Follow me.
Anything else - Cancel.
Gang up on whom?
Press: ? - help, Dir - move target, f/p - orc warrior
Aim: an orc warrior, wielding a +0 hand axe and wearing a +0 chain mail (severely wounded, ally target) Attack!
The orc warrior hits your hound with a +0 hand axe!
Your hound bites the orc warrior.
Your hound barely misses the orc warrior.
The orc warrior barely misses your hound.
There is a stone staircase leading up here.
Your hound closely misses the orc warrior.
The orc warrior hits your hound with a +0 hand axe!
Your hound dies!
Your hound's corpse disappears in a puff of smoke!
The orc priest miscasts a cantrip.
The orc warrior completely misses you.
You climb upwards.
There is a stone staircase leading down here.
Casting: Call Canine Familiar (dangerous; 3% risk of failure)
Confirm with . or Enter, or press ? or * to list all spells.
The orc warrior hits you with a +0 hand axe.
The orc warrior closely misses your hound.
The orc warrior hits you with a +0 hand axe!
Ouch! That really hurt!
You die...

..........................##.....
..........................##.....
..........................##.....
..........................##.....
..........................##.....
..........................#####.#
.#######.......#.####....## #..
.# #.........# #.....# ### ##
#......#o@# ###...# ###.....h>#
#...# ######### #####


You could see an orc warrior (ally target) and a friendly hound (summoned).

Vanquished Creatures
  4 bats
  A goblin (D:3)
  A hobgoblin (D:3)
  4 ball pythons
  A frilled lizard (D:2)
  2 rats
13 creatures vanquished.

Vanquished Creatures (collateral kills)
  The ghost of lotum the Skirmisher, an amateur DsBe of Trog (D:3)
  An ogre (D:5)
  2 scorpions
  A scorpion zombie (D:5)
  4 orc wizards
  3 hound skeletons
  Robin (D:2)
  A howler monkey skeleton (D:4)
  7 adders
  5 gnolls (D:5)
  3 dart slugs
  9 orcs
  A bat (D:3)
  6 endoplasms
  2 giant cockroaches
  17 goblins
  9 hobgoblins
  2 quokkas
  3 ball pythons
  A frilled lizard (D:1)
  4 kobolds
  3 rats
86 creatures vanquished.

Vanquished Creatures (others)
  2 ice beasts (D:5)
  A kobold brigand (D:5)
  A gnoll (D:5)
4 creatures vanquished.

Grand Total: 103 creatures vanquished

Notes
Turn   | Place    | Note
-------+----------+-------------------------------------------
     0 | D:1      | avis the Felid Summoner began the quest for the Orb.
     0 | D:1      | Reached XP level 1. HP: 7/7 MP: 4/4
   812 | D:1      | Found a faded altar of an unknown god.
   857 | D:1      | Reached XP level 2. HP: 6/11 MP: 1/6
  1017 | D:1      | Learned a level 2 spell: Call Imp
  1744 | D:2      | Reached XP level 3. HP: 14/14 MP: 6/8
  1748 | D:2      | Learned a level 3 spell: Call Canine Familiar
  1811 | D:2      | Noticed a scorpion
  1877 | D:2      | Killed a scorpion
  1878 | D:2      | Reached skill level 5 in Summonings
  1878 | D:2      | Reached XP level 4. HP: 18/18 MP: 3/9
  1882 | D:2      | Learned a level 3 spell: Summon Guardian Golem
  2102 | D:2      | Noticed Robin
  2158 | D:2      | Found a shadowy altar of Dithmenos.
  2451 | D:2      | Reached skill level 1 in Hexes
  2679 | D:2      | Killed Robin
  2680 | D:2      | Reached XP level 5. HP: 20/21 MP: 6/11
  3844 | D:3      | Found a runed translucent door.
  3844 | D:3      | Noticed lotum's ghost (amateur DsBe)
  3872 | D:3      | Killed lotum's ghost
  3873 | D:3      | Reached skill level 1 in Fighting
  3873 | D:3      | Gained mutation: You are covered in thick fur. (AC +2)
                  | [Felid growth]
  3873 | D:3      | Reached XP level 6. HP: 25/25 MP: 4/12
  4517 | D:4      | Learned a level 4 spell: Summon Lightning Spire
  5469 | D:5      | Entered Level 5 of the Dungeon
  5569 | D:5      | Succumbed to a kobold brigand's curare-tipped dart
  5570 | D:5      | Reached XP level 5. HP: -2/22 MP: 10/12
  5571 | D:5      | Noticed an ice beast
  5606 | D:5      | Reached XP level 6. HP: 26/26 MP: 13/13
  5628 | D:5      | Reached skill level 1 in Air Magic
  6031 | D:5      | Noticed a nameless horror
  6408 | D:5      | Noticed an ice beast
  6452 | D:5      | Killed an ice beast
  6626 | D:5      | Killed an ice beast
  6627 | D:5      | Reached XP level 7. HP: 30/30 MP: 11/14
  6760 | D:5      | Killed by an exploding themself... ignited by their inner
                  | flame
  6761 | D:5      | Reached XP level 6. HP: -21/27 MP: 9/13
  6761 | D:5      | Reached skill level 5 in Hexes
  6881 | D:6      | Noticed an orc warrior
  6923 | D:5      | Slain by an orc warrior

Illustrated notes

Levels and vault maps discovered:
D:1:      dpeg_arrival_circle_labyrinth_c, layout_basic,
          ebering_ecumenical_altar_abandoned
D:2:      layout_basic, basic_altar, interstate_on_off, uniq_robin
D:3:      layout_loops_ring, gammafunk_ghost_grave
D:4:      layout_gridville, minmay_misc_feat_chi, kennysheep_potato
D:5:      layout_basic, serial_park_tiny_2
D:6:      layout_loops_ring, ebering_ghost_sewer_f, uniq_duvessa

Skill      XL: |  1  2  3  4  5  6 |
---------------+-------------------+-----
Stealth        | 3 |  3.0
Spellcasting   | 3 4 |  4.5
Summonings     | 5 |  5.9
Hexes          | 1 3 5 |  5.0
Dodging        | 3 4 |  4.9
Fighting       | 1 2 |  2.6
Air Magic      | 2 |  2.6

Action                   |  1- 3 |  4- 6 |  7- 9 || total
-------------------------+-------+-------+-------++-------
Melee: Unarmed           |    21 |    23 |       ||    44
       Bite              |     3 |     2 |       ||     5
       Punch             |     1 |       |       ||     1
 Cast: Summon Small Mamm |    17 |    17 |       ||    34
       Call Imp          |     6 |     7 |       ||    13
       Call Canine Famil |     2 |    33 |     1 ||    36
       Summon Guardian G |       |    10 |     2 ||    12
  Use: Scroll            |       |     3 |       ||     3
       Potion            |       |     2 |       ||     2
 Stab: Sleeping          |     4 |     5 |       ||     9
Armor: Skin              |     2 |     4 |       ||     6
Dodge: Dodged            |    16 |    47 |     6 ||    69
